 Dungeon Crawl Stone Soup version 0.29-a0-284-gf9362112df (webtiles) character file.

Game seed: 10073943664930906153

358 sylnyx the Skirmisher (level 6, -2/48 HPs)
             Began as a Demonspawn Monk on Mar 26, 2022.
             Slain by Darius099's ghost (5 damage)
             ... on level 4 of the Dungeon.
             The game lasted 00:07:39 (2588 turns).

sylnyx the Skirmisher (Demonspawn Monk)             Turns: 2588, Time: 00:07:39

Health: -2/48      AC: 11    Str: 14    XL:     6   Next: 37%
Magic:  6/6        EV:  6    Int: 11    God:
Gold:   89         SH:  6    Dex: 15    Spells: 5/5 levels left

rFire   . . .      SeeInvis .   f - +2 dagger (drain)
rCold   . . .      Faith    .   d - +2 buckler
rNeg    . . .      Spirit   .   e - +0 plate armour
rPois   .          Reflect  .   (helmet restricted)
rElec   .          Harm     .   (no cloak)
rCorr   .          Rampage  .   (no gloves)
Will    .....                   (no boots)
Stlth   ..........              (no amulet)
HPRegen 0.16/turn               i - +4 ring of slaying
MPRegen 0.10/turn               (no ring)

@: no status effects
A: antennae 1, repulsion field 1, powered by pain 1
a: no special abilities


You were on level 4 of the Dungeon.
You visited 1 branch of the dungeon, and saw 4 of its levels.

You collected 89 gold pieces.

Inventory:

Hand Weapons
 f - a +2 dagger of draining (weapon)
Armour
 d - a +2 buckler (worn)
 e - a +0 plate armour (worn)
Jewellery
 i - a +4 ring of slaying (left hand)
Wands
 k - a wand of paralysis (12)
Scrolls
 h - 2 scrolls of vulnerability {unknown}
 j - 2 scrolls of identify
 n - a scroll of fear {unknown}
 o - a scroll of noise {unknown}
 q - a scroll of magic mapping {unknown}
Potions
 a - 2 potions of heal wounds
 c - a potion of ambrosia
 g - a potion of lignification {unknown}
 m - a potion of might {unknown}
 p - a potion of attraction {unknown}
 r - a potion of berserk rage {unknown}


   Skills:
 + Level 3.7 Fighting
 * Level 3.5 Short Blades
 - Level 2.9 Polearms
 * Level 2.3 Armour
 + Level 3.2 Dodging
 - Level 1.7 Stealth
 * Level 2.0 Shields


You had 5 spell levels left.
You didn't know any spells.
Your spell library contained the following spells:

 Spells                   Type           Power      Damage    Failure   Level
 Inner Flame              Hex/Fire       0%         N/A       100%        3
 Cause Fear               Hex            0%         N/A       100%        4
 Discord                  Hex            0%         N/A       100%        8


Dungeon Overview and Level Annotations

Branches:
Dungeon (4/15)
 Temple: D:4-7

Altars:
Beogh

Annotations:
D:4 Darius099's ghost, amateur GrFi


Innate Abilities, Weirdness & Mutations

You have a pair of small antennae on your head.
You are surrounded by a mild repulsion field. (EV +2)
You sometimes gain a little power by taking damage.


Message History

Darius099's ghost is severely damaged.
Darius099's ghost stares at you.
Darius099's ghost hits you but does no damage.
You hit Darius099's ghost but do no damage.
Darius099's ghost is severely damaged.
You block Darius099's ghost's attack.
You hit Darius099's ghost.
Darius099's ghost is almost destroyed.
Darius099's ghost hits you.
You hit Darius099's ghost but do no damage.
Darius099's ghost is almost destroyed.
You hit Darius099's ghost.
Darius099's ghost is almost destroyed.
You block Darius099's ghost's attack.
You hit Darius099's ghost but do no damage.
Darius099's ghost is almost destroyed.
Darius099's ghost says, "You will never get the ORB!"
Darius099's ghost hits you.
You hit Darius099's ghost but do no damage.
Darius099's ghost is almost destroyed.
Darius099's ghost screams, "You will join me soon!"
Darius099's ghost hits you.
You hit Darius099's ghost.
Darius099's ghost is almost destroyed.
Darius099's ghost hits you!
* * * LOW HITPOINT WARNING * * *
You hit Darius099's ghost but do no damage.
Darius099's ghost is almost destroyed.
Darius099's ghost hits you but does no damage.
You hit Darius099's ghost but do no damage.
Darius099's ghost is almost destroyed.
Darius099's ghost closely misses you.
You hit Darius099's ghost but do no damage.
Darius099's ghost is almost destroyed.
Darius099's ghost hits you!
* * * LOW HITPOINT WARNING * * *
You hit Darius099's ghost.
Darius099's ghost is almost destroyed.
Darius099's ghost hits you.
You die...

#. #. #.
#. ###.
...
#######.##
.......#@#
#W## ###


You could see Darius099's ghost.

Vanquished Creatures
  Grinder (D:3)
  Terence (D:3)
  Natasha (twice) (D:3)
  6 adders
  3 dart slugs (D:1)
  4 orcs
  3 ball pythons (D:1)
  7 endoplasms
  2 giant cockroaches
  5 goblins (D:1)
  2 hobgoblins (D:2)
  A quokka (D:3)
  2 bats
  2 frilled lizards
  3 kobolds
  3 rats
47 creatures vanquished.

Notes
Turn   | Place    | Note
-------+----------+-------------------------------------------
     0 | D:1      | sylnyx the Demonspawn Monk began the quest for the Orb.
     0 | D:1      | Reached XP level 1. HP: 18/18 MP: 1/1
    98 | D:1      | Gained mutation: You are surrounded by a mild repulsion
                  | field. (EV +2) [demonic ancestry]
    98 | D:1      | Reached XP level 2. HP: 22/24 MP: 2/2
   440 | D:1      | Reached skill level 1 in Shields
   847 | D:2      | Reached XP level 3. HP: 29/29 MP: 3/3
   879 | D:2      | Found a faded altar of an unknown god.
  1542 | D:3      | Reached skill level 1 in Short Blades
  1555 | D:3      | Noticed Terence
  1571 | D:3      | Killed Terence
  1572 | D:3      | Reached skill level 1 in Armour
  1572 | D:3      | Reached XP level 4. HP: 22/35 MP: 4/4
  1798 | D:3      | Noticed Natasha
  1807 | D:3      | Killed Natasha
  1966 | D:3      | Gained mutation: You sometimes gain a little power by
                  | taking damage. [demonic ancestry]
  1966 | D:3      | Reached XP level 5. HP: 38/41 MP: 5/5
  2051 | D:3      | Noticed Grinder
  2070 | D:3      | Killed Grinder
  2071 | D:3      | Gained mutation: You have a pair of small antennae on your
                  | head. [demonic ancestry]
  2071 | D:3      | Reached XP level 6. HP: 33/48 MP: 6/6
  2331 | D:3      | Noticed Natasha
  2342 | D:3      | Killed Natasha
  2351 | D:3      | Found a runed translucent gate.
  2351 | D:3      | Noticed Darius099's ghost (amateur GrFi)
  2352 | D:3      | Found a runed translucent gate.
  2353 | D:3      | Found a runed translucent gate.
  2355 | D:3      | Identified the +11 hand axe "Boulod" {flame, *Slow rF+
                  | Int+4 SInv}
  2588 | D:4      | Slain by Darius099's ghost

Illustrated notes

Levels and vault maps discovered:
D:1:      beargit_arrival_greenhouse, layout_rooms, serial_rivers,
          chequers_serial_rivers_large_a, chequers_serial_rivers_marsh,
          chequers_serial_rivers_room_a, chequers_serial_rivers_micro_b,
          chequers_serial_rivers_micro_c, chequers_serial_rivers_room_a,
          corexii_item_surrounded_by_moat, minmay_misc_feat_chi
D:2:      layout_loops_ring, dreamdust_ecumenical_altar_statues
D:3:      layout_basic, biasface_ghost_orc_armoury, minmay_curled_crystal,
          uniq_terence, uniq_natasha, uniq_grinder
D:4:      layout_loops_ring, minmay_temple_entry_arrows

Skill      XL: |  1  2  3  4  5 |
---------------+----------------+-----
Dodging        | 3 |  3.2
Shields        | 1 2 |  2.0
Short Blades   | 1 3 |  3.5
Armour         | 1 2 |  2.3
Fighting       | |  3.7
Polearms       | |  2.9
Stealth        | |  1.7

Action                   |  1- 3 |  4- 6 || total
-------------------------+-------+-------++-------
Melee: Spear             |    33 |       ||    33
       Dagger            |    70 |    71 ||   141
  Use: Scroll            |       |     1 ||     1
Armor: Plate armour      |    34 |    28 ||    62
Dodge: Dodged            |    17 |    13 ||    30
Block: Buckler           |    23 |    17 ||    40

Table legend: (Time is in decaauts)
 A = Elapsed time spent in this place.
 B = Non-inter-level travel time spent in this place.
 C = Inter-level travel time spent in this place.
 D = Time resting spent in this place.
 E = Time spent auto-exploring this place.
 F = Levels seen in this place.
 G = Mean time per level.
                   A        B        C        D        E       F      G
               +--------+--------+--------+--------+--------+-----+--------+
         Total |   2599 |   2532 |     67 |    478 |   1277 |   4 |  649.8 |
       Dungeon |   2599 |   2532 |     67 |    478 |   1277 |   4 |  649.8 |
               +--------+--------+--------+--------+--------+-----+--------+

Top non-repeatable levels by time:
     D:3: 941 daAuts
     D:1: 847 daAuts
     D:2: 604 daAuts
     D:4: 206 daAuts
